 Dungeon Crawl Stone Soup version 0.21.1-1-g345015f (webtiles) character file.

78 Fortress the Firebug (level 4, 0/34 HPs)
             Began as a Draconian Fire Elementalist on July 2, 2018.
             Succumbed to kobold's curare-tipped needle
             ... on level 3 of the Dungeon.
             The game lasted 00:12:43 (1768 turns).

Fortress the Firebug (Draconian Fire Elementalist)  Turns: 1768, Time: 00:12:43

Health: 0/34       AC:  5    Str: 16    XL:     4   Next: 15%
Magic:  5/7        EV: 12    Int: 21    God:
Gold:   126        SH:  0    Dex: 11    Spells: 7/8 levels left

rFire    + . .     SeeInvis .   n - +0 hunting sling
rCold    + . .     Gourm    .   (no shield)
rNeg     . . .     Faith    .   (armour unavailable)
rPois    +         Spirit   .   (helmet restricted)
rElec    +         Reflect  .   (no cloak)
rCorr    +         Harm     .   (no gloves)
MR       .....                  (no boots)
Stlth    ++........             (no amulet)
HPRegen  0.11/turn              (no ring)
MPRegen  0.10/turn              (no ring)

@: mighty, brilliant, lethally poisoned (0 -> -15), resistant, slowed, very slow
A: unfitting armour, cold-blooded, AC +5
a: no special abilities


You were on level 3 of the Dungeon.
You were very hungry.

You visited 1 branch of the dungeon, and saw 3 of its levels.

You collected 126 gold pieces.

Inventory:

Hand Weapons
 h - a +0 short sword
 n - a +0 hunting sling (weapon)
Missiles
 e - 24 stones (quivered)
 u - 9 poisoned needles
Jewellery
 r - a +4 ring of protection {unknown}
Scrolls
 c - 2 scrolls of remove curse {unknown}
 f - a scroll of random uselessness {unknown}
 g - a scroll of fear {unknown}
 j - 2 scrolls of identify {unknown}
 k - a scroll of amnesia {unknown}
 m - a scroll of blinking {unknown}
 o - 3 scrolls of immolation {unknown}
Potions
 d - a potion of haste
 p - a potion of flight
 w - a potion of mutation {unknown}
Books
 a - a book of Flames

   Spells                             Type                      Level
   a - Flame Tongue                   Conjuration/Fire             1
   b - Throw Flame                    Conjuration/Fire             2
   c - Conjure Flame                  Conjuration/Fire             3
   d - Inner Flame                    Hexes/Fire                   3
   e - Sticky Flame                   Conjuration/Fire             4
   f - Fireball                       Conjuration/Fire             5
 t - a book of Maledictions

   Spells                             Type                      Level
   a - Corona                         Hexes                        1
   b - Ensorcelled Hibernation        Hexes/Ice                    2
   c - Confuse                        Hexes                        3
   d - Tukima's Dance                 Hexes                        3
   e - Dazzling Spray                 Conjuration/Hexes            3
Comestibles
 b - 5 rations


   Skills:
 + Level 0.8 Fighting
 + Level 0.5 Short Blades
 + Level 1.4 Slings
 - Level 1.7 Dodging
 - Level 1.7 Stealth
 + Level 2.5 Spellcasting
 + Level 1.2 Conjurations
 + Level 3.8 Fire Magic


You had 7 spell levels left.
You knew the following spells:

 Your Spells              Type           Power        Failure   Level  Hunger
a - Flame Tongue          Conj/Fire      ####.        1%          1    None


Dungeon Overview and Level Annotations

Branches:
Dungeon (3/15)

Altars:
Vehumet

Annotations:
D:2 Sigmund


Innate Abilities, Weirdness & Mutations

Your plain brown scales are hard. (AC +5)
You cannot fit into any form of body armour.
You are cold-blooded and may be slowed by cold attacks.


Message History

Casting: Flame Tongue
Confirm with . or Enter, or press ? or * to list all spells.
Aiming: Flame Tongue
Press: ? - help, Shift-Dir - straight line, f/p - kobold
Aim: a kobold, wielding a blowgun (heavily wounded)
The flame tongue hits the kobold.
You kill the kobold!
* * * LOW HITPOINT WARNING * * *
You feel very sick.
It was a potion of resistance.
You feel protected.
* * * LOW HITPOINT WARNING * * *
You feel sick.
It was a potion of might.
You feel very mighty all of a sudden.
* * * LOW HITPOINT WARNING * * *
You feel sick.
It was a potion of brilliance.
You feel clever all of a sudden.
You die...

### #<#
#########
#####.#
#...)@.(#
#.....#
#.#####(#
#.##### #.#
#.# #.###.#
#.....#
#....######
....#.† #.
.... #.##.


There were no monsters in sight!

Vanquished Creatures
  2 adders (D:2)
  A worm (D:2)
  3 dart slugs (D:1)
  A leopard gecko (D:2)
  10 bats
  3 giant cockroaches
  3 hobgoblins (D:1)
  4 jackals (D:2)
  A quokka (D:2)
  A ball python (D:1)
  5 frilled lizards
  3 goblins
  7 kobolds
  8 rats
52 creatures vanquished.

Notes
Turn   | Place    | Note
-------+----------+-------------------------------------------
     0 | D:1      | Fortress the Draconian Fire Elementalist began the quest for the Orb.
     0 | D:1      | Reached XP level 1. HP: 14/14 MP: 3/3
   132 | D:1      | Reached XP level 2. HP: 16/20 MP: 0/5
   805 | D:1      | Reached XP level 3. HP: 27/27 MP: 2/6
   991 | D:2      | Reached skill level 1 in Slings
  1266 | D:2      | Found a radiant altar of Vehumet.
  1278 | D:2      | Reached XP level 4. HP: 24/34 MP: 1/7
  1416 | D:2      | Noticed Sigmund
  1467 | D:2      | HP: 1/34 [something (1)]
  1768 | D:3      | Succumbed to kobold's curare-tipped needle

Skill      XL: |  1  2  3 |
---------------+----------+-----
Slings         | 1 |  1.4
Fighting       | |  0.8
Short Blades   | |  0.5
Dodging        | |  1.7
Stealth        | |  1.7
Spellcasting   | |  2.5
Conjurations   | |  1.2
Fire Magic     | |  3.8

Action                   |  1- 3 |  4- 6 || total
-------------------------+-------+-------++-------
Melee: Short sword       |    17 |       ||    17
       Unarmed           |     2 |       ||     2
 Fire: Hunting sling     |    64 |     6 ||    70
 Cast: Flame Tongue      |    53 |     6 ||    59
  Use: Potion            |       |     6 ||     6
  Eat: Chunk             |     2 |       ||     2
Armor: Skin              |    24 |     3 ||    27
Dodge: Dodged            |    42 |     7 ||    49
